 Dungeon Crawl Stone Soup version 0.19-a0-1861-g35def1e (webtiles) character file.

32 Promi the Magician (level 2, -1/25 HPs)
             Began as a Demigod Wizard on Oct 12, 2016.
             Slain by a gnoll
             ... wielding a +0 whip
              (6 damage)
             ... on level 1 of the Dungeon.
             The game lasted 00:04:12 (1888 turns).

Promi the Magician (Demigod Wizard)                 Turns: 1888, Time: 00:04:13

Health: -1/25      AC:  2    Str: 10    XL:     2   Next: 93%
Magic:  0/8        EV: 12    Int: 22    God:
Gold:   57         SH:  0    Dex: 14    Spells: 3 memorised, 1 level left

rFire  . . .     SeeInvis .     k - +0 short sword
rCold  . . .     Gourm    .     a - +0 robe
rNeg   . . .     Faith    .     (no shield)
rPois  .         Spirit   .     b - +0 hat
rElec  .         Dismiss  .     (no cloak)
rCorr  .         Reflect  .     (no gloves)
MR     .....     Harm     .     (no boots)
Stlth  ++........               (no amulet)
                                (no ring)
                                (no ring)

@: very slightly contaminated
A: high mp 1
a: no special abilities


You were on level 1 of the Dungeon.
You were not hungry.

You visited 1 branch of the dungeon, and saw 2 of its levels.

You collected 57 gold pieces.

Inventory:

Hand Weapons
 k - a +0 short sword (weapon)
Armour
 a - a +0 robe (worn)
 b - a +0 hat (worn)
Potions
 e - a potion of degeneration {unknown}
 f - a potion of cancellation {unknown}
 g - a potion of might {unknown}
 h - a potion of heal wounds {unknown}
 j - 2 potions of curing {unknown}
Books
 c - a book of Minor Magic

   Spells                             Type                      Level
   a - Magic Dart                     Conjuration                  1
   b - Blink                          Translocation                2
   c - Call Imp                       Summoning                    2
   d - Repel Missiles                 Charms/Air                   2
   e - Slow                           Hexes                        2
   f - Conjure Flame                  Conjuration/Fire             3
   g - Mephitic Cloud                 Conjuration/Poison/Air       3
Comestibles
 d - a bread ration


   Skills:
 + Level 2.4 Fighting
 + Level 0.3 Short Blades
 - Level 1.7 Dodging
 - Level 1.7 Stealth
 - Level 2.6 Spellcasting
 - Level 0.8 Conjurations
 - Level 0.8 Summonings
 - Level 0.8 Translocations


You had one spell level left.
You knew the following spells:

 Your Spells              Type           Power        Failure   Level  Hunger
a - Magic Dart            Conj           #...         10%         1    None
b - Blink                 Tloc           N/A          14%         2    ##.....
c - Call Imp              Summ           #.......     14%         2    ##.....


Dungeon Overview and Level Annotations

Branches:
Dungeon (2/15)


Innate Abilities, Weirdness & Mutations

You have an increased reservoir of magic. (+10% MP)


Message History

The gnoll is heavily wounded.
The gnoll hits you with a whip.
Casting: Magic Dart
Confirm with . or Enter, or press ? or * to list all spells.
Aiming: Magic Dart
Press: ? - help, Shift-Dir - straight line, f/p - gnoll
Aim: a gnoll, wielding a whip (heavily wounded)
The magic dart hits the gnoll.
The gnoll is severely wounded.
The gnoll hits you with a whip!
* * * LOW HITPOINT WARNING * * *
Casting: Magic Dart
Confirm with . or Enter, or press ? or * to list all spells.
Aiming: Magic Dart
Press: ? - help, Shift-Dir - straight line, f/p - gnoll
Aim: a gnoll, wielding a whip (severely wounded)
The magic dart hits the gnoll.
The gnoll is severely wounded.
The gnoll hits you with a whip.
You die...

#....#####...###.###...... #....#
#...# #.# #...... ####.# #####
#.# #......
###########.###########.###......
...........>.........g........#.#
.#######.......###)####.#####...#
.# #.......###'## #.# #..... ##
#.........g..# #.# #....# .#
#...####.@...# #.# #....# .#
#...####.....# #.# #....# .#
####.......).# #.# ####..
.##########......#'####.# ##.
..........'...........#.# #.
##...######......#....#.# ##
.....# #......#....#.# # ####.#
#......#....#.# # .#.#.#
########....#.# #


You could see a gnoll.

Vanquished Creatures
  A leopard gecko (D:2)
  2 giant cockroaches (D:1)
  A goblin (D:2)
  5 hobgoblins (D:1)
  8 jackals (D:1)
  A kobold (D:1)
  5 bats
  4 rats (D:1)
27 creatures vanquished.

Notes
Turn   | Place    | Note
-------+----------+-------------------------------------------
     0 | D:1      | Promi the Demigod Wizard began the quest for the Orb.
     0 | D:1      | Reached XP level 1. HP: 14/14 MP: 6/6
   256 | D:1      | Reached skill level 1 in Fighting
   579 | D:1      | Reached XP level 2. HP: 13/23 MP: 8/8
   589 | D:1      | Learned a level 2 spell: Blink
   592 | D:1      | Learned a level 2 spell: Call Imp
  1375 | D:1      | You fall through a shaft!
  1888 | D:1      | Slain by a gnoll

Vault maps used:
D:1:      lightli_iron_boxes
D:2:      xom_butterflies, minmay_fountain_box

Skill      XL: |  1  2 |
---------------+-------+-----
Fighting       | 1 2 |  2.4
Short Blades   | |  0.3
Dodging        | |  1.7
Stealth        | |  1.7
Spellcasting   | |  2.6
Conjurations   | |  0.8
Summonings     | |  0.8
Translocations | |  0.8

Action                   || total
-------------------------++-------
Melee: Club              ||    52
       Unarmed           ||     4
       Short sword       ||    24
       Dagger            ||    21
 Cast: Magic Dart        ||    46
 Stab: Sleeping          ||     1
  Eat: Bread ration      ||     1
       Chunk             ||     1
Armor: Robe              ||    22
Dodge: Dodged            ||   102
